| TOP OF THE 1ST |
|
Everett AquaSox batting - Pitching for Hudson Valley Renegades : LHP Richie van Wijngaarden
|
|
Pitching: LHP Richie van Wijngaarden
|
|
|
Batting: RHB Mike Conaway
|
0-0: Called Strike 0-1: Ball 1-1: Foul Ball, location: 2F 1-2: Foul Ball, location: 2F 1-2: Ball 2-2: Ball 3-2: Foul Ball, location: 2F 3-2: Ground out 5-3 (Groundball, 56S, EV 83.8 MPH)
|
|
Batting: RHB Enrique Valdez
|
0-0: Called Strike 0-1: Ball 1-1: TRIPLE (Line Drive, 78XD, EV 102.5 MPH)
|
|
Batting: SHB Hatsuo Miura
|
0-0: Ball 1-0: Swinging Strike 1-1: 2-RUN HOME RUN (Flyball, 7D, EV 100.0 MPH), Distance : 382 ft
|
|
Batting: RHB Ben Herman
|
0-0: Ball 1-0: Ground out 4-3 (Groundball, 4, EV 100.0 MPH)
|
|
Batting: LHB Josh Kirk
|
0-0: Ball 1-0: Ground out U3 (Groundball, 3L, EV 78.8 MPH)
|
| Top of the 1st over - 2 runs, 2 hits, 0 errors, 0 left on base; Everett 2 - Hudson Valley 0 |
| BOTTOM OF THE 1ST |
|
Hudson Valley Renegades batting - Pitching for Everett AquaSox : RHP Luis Castro
|
|
Pitching: RHP Luis Castro
|
|
|
Batting: RHB Khalil Walker
|
0-0: Ball 1-0: Called Strike 1-1: Ground out 1-3 (Groundball, 34S, EV 70.6 MPH)
|
|
Batting: RHB Isaiah Easter
|
0-0: Called Strike 0-1: Swinging Strike 0-2: Strikes out swinging
|
|
Batting: RHB Azedine Kirui
|
0-0: Called Strike 0-1: Ball 1-1: Ball 2-1: Foul Ball, location: 2F 2-2: Ground out 4-3 (Groundball, 4, EV 78.1 MPH)
|
| Bottom of the 1st over - 0 runs, 0 hits, 0 errors, 0 left on base; Everett 2 - Hudson Valley 0 |
| TOP OF THE 2ND |
|
Everett AquaSox batting - Pitching for Hudson Valley Renegades : LHP Richie van Wijngaarden
|
|
Batting: SHB Charlie Diesel
|
0-0: Called Strike 0-1: Ball 1-1: Ball 2-1: Ball 3-1: DOUBLE (Line Drive, 9LD, EV 107.5 MPH)
|
|
Batting: LHB Justin Long
|
0-0: Called Strike 0-1: Ball 1-1: Swinging Strike 1-2: Strikes out swinging
|
|
Batting: LHB Addisu Nyamekye
|
0-0: Called Strike 0-1: Ball 1-1: Called Strike 1-2: Foul Ball, location: 2F 1-2: Strikes out swinging
|
|
Batting: LHB Adam Lancaster
|
0-0: Called Strike 0-1: Ball 1-1: Ball 2-1: Foul Ball, location: 2F 2-2: Foul Ball, location: 2F 2-2: Ground out 4-3 (Groundball, 34, EV 103.1 MPH)
|
| Top of the 2nd over - 0 runs, 1 hit, 0 errors, 1 left on base; Everett 2 - Hudson Valley 0 |
| BOTTOM OF THE 2ND |
|
Hudson Valley Renegades batting - Pitching for Everett AquaSox : RHP Luis Castro
|
|
Batting: RHB Wil Urban
|
0-0: Called Strike 0-1: Ball 1-1: Called Strike 1-2: Strikes out looking
|
|
Batting: RHB Nelle Lommen
|
0-0: SINGLE (Line Drive, 89M, EV 106.2 MPH)
|
|
Batting: RHB Eddie Zamora
|
0-0: Ball Nelle Lommen steals 2nd base 1-0: Fly out, F7 (Flyball, 7LM, EV 109.4 MPH) Runner from 2nd tags up, SAFE at 3rd with throw by LF
|
|
Batting: SHB Josif Popovski
|
0-0: Ball 1-0: Foul Ball, location: 2F 1-1: Ground out 4-3 (Groundball, 4, EV 91.2 MPH)
|
| Bottom of the 2nd over - 0 runs, 1 hit, 0 errors, 1 left on base; Everett 2 - Hudson Valley 0 |
| TOP OF THE 3RD |
|
Everett AquaSox batting - Pitching for Hudson Valley Renegades : LHP Richie van Wijngaarden
|
|
Batting: RHB Mike Conaway
|
0-0: SOLO HOME RUN (Flyball, 9D, EV 98.8 MPH), Distance : 376 ft
|
|
Batting: RHB Enrique Valdez
|
0-0: Called Strike 0-1: Foul Ball, location: 2F 0-2: TRIPLE (Flyball, 8LXD, EV 92.5 MPH)
|
|
Batting: SHB Hatsuo Miura
|
0-0: Foul Ball, location: 2F 0-1: Called Strike 0-2: Foul Ball, location: 2F 0-2: Foul Ball, location: 2F 0-2: Foul Ball, location: 2F 0-2: Foul Ball, location: 2F 0-2: Ball 1-2: Strikes out swinging
|
|
Batting: RHB Ben Herman
|
0-0: Called Strike 0-1: Ball 1-1: Ball 2-1: Foul Ball, location: 2F 2-2: Fly out, F8 (Flyball, 8RM, EV 79.4 MPH) Runner from 3rd tags up, SCORES, throw by CF
|
|
Batting: LHB Josh Kirk
|
0-0: Ball 1-0: Ball 2-0: SINGLE (Groundball, 13, EV 89.4 MPH) (infield hit)
|
|
Batting: SHB Charlie Diesel
|
0-0: Fly out, F7 (Flyball, 7LS, EV 86.9 MPH)
|
| Top of the 3rd over - 2 runs, 3 hits, 0 errors, 1 left on base; Everett 4 - Hudson Valley 0 |
| BOTTOM OF THE 3RD |
|
Hudson Valley Renegades batting - Pitching for Everett AquaSox : RHP Luis Castro
|
|
Batting: SHB Chris Lockart
|
0-0: Ball 1-0: Ball 2-0: Ball 3-0: Called Strike 3-1: Base on Balls
|
|
Batting: RHB Jesus Carrillo
|
0-0: Ball 1-0: Called Strike Chris Lockart steals 2nd base (no throw) 1-1: Ball 2-1: Swinging Strike 2-2: Foul Ball, location: 2F 2-2: Strikes out swinging
|
|
Batting: RHB Khalil Walker
|
0-0: Ball 1-0: Ball 2-0: Fly out, F8 (Flyball, 8LM, EV 97.5 MPH)
|
|
Batting: RHB Isaiah Easter
|
0-0: Foul Ball, location: 2F 0-1: Fly out, F8 (Flyball, 8RM, EV 78.8 MPH)
|
| Bottom of the 3rd over - 0 runs, 0 hits, 0 errors, 1 left on base; Everett 4 - Hudson Valley 0 |
| TOP OF THE 4TH |
|
Everett AquaSox batting - Pitching for Hudson Valley Renegades : LHP Richie van Wijngaarden
|
|
Batting: LHB Justin Long
|
0-0: Swinging Strike 0-1: Swinging Strike 0-2: Ball 1-2: Foul Ball, location: 2F 1-2: Ball 2-2: Foul Ball, location: 2F 2-2: Ball 3-2: Fly out, F6 (Line Drive, 6M, EV 66.9 MPH)
|
|
Batting: LHB Addisu Nyamekye
|
0-0: Ball 1-0: Foul Ball, location: 2F 1-1: Swinging Strike 1-2: Strikes out swinging
|
|
Batting: LHB Adam Lancaster
|
0-0: Ball 1-0: Foul Ball, location: 2F 1-1: Foul Ball, location: 2F 1-2: Foul Ball, location: 2F 1-2: Ground out 4-3 (Groundball, 34D, EV 106.9 MPH)
|
| Top of the 4th over - 0 runs, 0 hits, 0 errors, 0 left on base; Everett 4 - Hudson Valley 0 |
| BOTTOM OF THE 4TH |
|
Hudson Valley Renegades batting - Pitching for Everett AquaSox : RHP Luis Castro
|
|
Batting: RHB Azedine Kirui
|
0-0: Swinging Strike 0-1: Called Strike 0-2: Fly out, F8 (Flyball, 8RD, EV 101.2 MPH)
|
|
Batting: RHB Wil Urban
|
0-0: Called Strike 0-1: Called Strike 0-2: Ball 1-2: Ball 2-2: Foul Ball, location: 2F 2-2: Strikes out swinging
|
|
Batting: RHB Nelle Lommen
|
0-0: Foul Ball, location: 2F 0-1: Foul Ball, location: 2F 0-2: Foul Ball, location: 2F 0-2: SOLO HOME RUN (Line Drive, 7D, EV 101.2 MPH), Distance : 391 ft
|
|
Batting: RHB Eddie Zamora
|
0-0: SOLO HOME RUN (Flyball, 7LD, EV 90.6 MPH), Distance : 341 ft
|
|
Batting: SHB Josif Popovski
|
0-0: Ball 1-0: Ball 2-0: Ball 3-0: Base on Balls
|
|
Batting: SHB Chris Lockart
|
0-0: Ball Josif Popovski steals 2nd base 1-0: Ball 2-0: Ball 3-0: Called Strike 3-1: Foul Ball, location: 2F 3-2: Fly out, F5 (Popup, 5SF, EV 70.0 MPH)
|
| Bottom of the 4th over - 2 runs, 2 hits, 0 errors, 1 left on base; Everett 4 - Hudson Valley 2 |
| TOP OF THE 5TH |
|
Everett AquaSox batting - Pitching for Hudson Valley Renegades : LHP Richie van Wijngaarden
|
|
Batting: RHB Mike Conaway
|
0-0: Ground out 6-3 (Groundball, 6, EV 80.6 MPH)
|
|
Batting: RHB Enrique Valdez
|
0-0: Called Strike 0-1: Ball 1-1: Ball 2-1: Fly out, F5 (Popup, 15, EV 82.5 MPH)
|
|
Batting: SHB Hatsuo Miura
|
0-0: Foul Ball, location: 2F 0-1: Swinging Strike 0-2: Hit by Pitch
|
|
Batting: RHB Ben Herman
|
0-0: Called Strike 0-1: Foul Ball, location: 2F 0-2: Ground out U3 (Groundball, 3, EV 96.2 MPH)
|
| Top of the 5th over - 0 runs, 0 hits, 0 errors, 1 left on base; Everett 4 - Hudson Valley 2 |
| BOTTOM OF THE 5TH |
|
Hudson Valley Renegades batting - Pitching for Everett AquaSox : RHP Luis Castro
|
|
Batting: RHB Jesus Carrillo
|
0-0: Called Strike 0-1: Ball 1-1: Called Strike 1-2: Ball 2-2: SINGLE (Line Drive, 6D, EV 98.8 MPH)
|
|
Batting: RHB Khalil Walker
|
0-0: Called Strike 0-1: Foul Ball, location: 2F 0-2: Foul Ball, location: 2F 0-2: Strikes out swinging
|
|
Pinch Hitting: LHB Josh Redfern
|
0-0: Called Strike 0-1: Swinging Strike 0-2: Ball 1-2: Ball 2-2: Fly out, F7 (Line Drive, 7, EV 95.0 MPH)
|
|
Batting: RHB Azedine Kirui
|
0-0: Fly out, F7 (Flyball, 7, EV 80.0 MPH)
|
| Bottom of the 5th over - 0 runs, 1 hit, 0 errors, 1 left on base; Everett 4 - Hudson Valley 2 |
| TOP OF THE 6TH |
|
Everett AquaSox batting - Pitching for Hudson Valley Renegades : LHP Richie van Wijngaarden
|
|
Pitching: LHP Toshiaki Wada
|
|
|
Now in CF: Chris Lockart
|
|
|
Now in RF: Josh Redfern
|
|
|
Batting: LHB Josh Kirk
|
0-0: Ball 1-0: SINGLE (Groundball, 34D, EV 97.5 MPH)
|
|
Batting: SHB Charlie Diesel
|
0-0: Called Strike 0-1: Called Strike 0-2: Ball Josh Kirk steals 2nd base 1-2: Foul Ball, location: 2F 1-2: Ball 2-2: Strikes out swinging
|
|
Batting: LHB Justin Long
|
0-0: Ball 1-0: Foul Ball, location: 2F 1-1: Foul Ball, location: 2F 1-2: Strikes out swinging
|
|
Batting: LHB Addisu Nyamekye
|
0-0: Swinging Strike 0-1: Foul Ball, location: 2F 0-2: Strikes out swinging
|
| Top of the 6th over - 0 runs, 1 hit, 0 errors, 1 left on base; Everett 4 - Hudson Valley 2 |
| BOTTOM OF THE 6TH |
|
Hudson Valley Renegades batting - Pitching for Everett AquaSox : RHP Luis Castro
|
|
Batting: RHB Wil Urban
|
0-0: Swinging Strike 0-1: Foul Ball, location: 2F 0-2: Strikes out swinging
|
|
Batting: RHB Nelle Lommen
|
0-0: Called Strike 0-1: Swinging Strike 0-2: Ball 1-2: Ground out 4-3 (Groundball, 4MS, EV 70.6 MPH)
|
|
Batting: RHB Eddie Zamora
|
0-0: Called Strike 0-1: Foul Ball, location: 2F 0-2: Ball 1-2: Ball 2-2: Foul Ball, location: 2F 2-2: Foul Ball, location: 2F 2-2: Ball 3-2: Foul Ball, location: 2F 3-2: Foul Ball, location: 2F 3-2: Strikes out swinging
|
| Bottom of the 6th over - 0 runs, 0 hits, 0 errors, 0 left on base; Everett 4 - Hudson Valley 2 |
| TOP OF THE 7TH |
|
Everett AquaSox batting - Pitching for Hudson Valley Renegades : LHP Toshiaki Wada
|
|
Batting: LHB Adam Lancaster
|
0-0: Foul Ball, location: 2F 0-1: Foul Ball, location: 2F 0-2: Ball 1-2: Strikes out swinging
|
|
Batting: RHB Mike Conaway
|
0-0: Ball 1-0: Ball 2-0: Foul Ball, location: 2F 2-1: Ball 3-1: Called Strike 3-2: Strikes out swinging
|
|
Batting: RHB Enrique Valdez
|
0-0: Ball 1-0: Called Strike 1-1: Ball 2-1: Foul Ball, location: 2F 2-2: Ball 3-2: Foul Ball, location: 2F 3-2: Strikes out swinging, 2-3 out at first.
|
| Top of the 7th over - 0 runs, 0 hits, 0 errors, 0 left on base; Everett 4 - Hudson Valley 2 |
| BOTTOM OF THE 7TH |
|
Hudson Valley Renegades batting - Pitching for Everett AquaSox : RHP Luis Castro
|
|
Pitching: RHP Matt Lane
|
|
|
Batting: SHB Josif Popovski
|
0-0: Called Strike 0-1: Ground out 6-3 (Groundball, 6M, EV 82.5 MPH)
|
|
Batting: SHB Chris Lockart
|
0-0: Ball 1-0: Foul Ball, location: 2F 1-1: Ground out 4-3 (Groundball, 4, EV 88.8 MPH)
|
|
Pinch Hitting: SHB Suljo Dokic
|
0-0: Ball 1-0: Foul Ball, location: 2F 1-1: Ball 2-1: Called Strike 2-2: Strikes out swinging
|
| Bottom of the 7th over - 0 runs, 0 hits, 0 errors, 0 left on base; Everett 4 - Hudson Valley 2 |
| TOP OF THE 8TH |
|
Everett AquaSox batting - Pitching for Hudson Valley Renegades : LHP Toshiaki Wada
|
|
Pitching: RHP Fabrizio Rovigo
|
|
|
Now at 2B: Josif Popovski
|
|
|
Now at 3B: Evan Chalarian
|
|
|
Now at SS: Khalil Walker
|
|
|
Batting: SHB Hatsuo Miura
|
0-0: Ground out 6-3 (Groundball, 4, EV 81.9 MPH)
|
|
Batting: RHB Ben Herman
|
0-0: Ball 1-0: Ball 2-0: Ball 3-0: Base on Balls
|
|
Batting: LHB Josh Kirk
|
0-0: Ball 1-0: Foul Ball, location: 2F 1-1: Foul Ball, location: 2F 1-2: Ball 2-2: Ball 3-2: Base on Balls Ben Herman to second
|
|
Batting: SHB Charlie Diesel
|
0-0: Ball 1-0: Fielders Choice at 2nd, 4-6 (Groundball, 4, EV 83.8 MPH) Ben Herman to third
|
|
Pitching: LHP Jamie Houtman
|
|
|
Batting: LHB Justin Long
|
0-0: Called Strike 0-1: Called Strike 0-2: Ball 1-2: Strikes out swinging
|
| Top of the 8th over - 0 runs, 0 hits, 0 errors, 2 left on base; Everett 4 - Hudson Valley 2 |
| BOTTOM OF THE 8TH |
|
Hudson Valley Renegades batting - Pitching for Everett AquaSox : RHP Matt Lane
|
|
Pitching: RHP Rob Henry
|
|
|
Now at SS: Brian Butler
|
|
|
Batting: RHB Khalil Walker
|
0-0: Ball 1-0: SINGLE (Line Drive, 6M, EV 100.6 MPH)
|
|
Batting: LHB Josh Redfern
|
0-0: Ball 1-0: Ball 2-0: Ball 3-0: Called Strike 3-1: Foul Ball, location: 2F Balk! Khalil Walker to second 3-2: SINGLE (Line Drive, 6MD, EV 101.9 MPH) Khalil Walker to third Runner from 3rd tries for Home, SAFE, throw by CF to home
|
|
Pinch Hitting: LHB Rocky Crowley
|
0-0: Called Strike 0-1: Ball 1-1: Foul Ball, location: 2F 1-2: Ball 2-2: Ball 3-2: Strikes out swinging
|
|
Batting: RHB Wil Urban
|
0-0: Ball 1-0: Called Strike 1-1: Ball 2-1: Foul Ball, location: 2F 2-2: Fielders Choice at 2nd, 5-4 (Groundball, 5, EV 82.5 MPH)
|
|
Batting: RHB Nelle Lommen
|
0-0: Ball 1-0: Swinging Strike 1-1: Foul Ball, location: 2F 1-2: Foul Ball, location: 2F 1-2: Ball 2-2: Strikes out swinging
|
| Bottom of the 8th over - 1 run, 2 hits, 0 errors, 1 left on base; Everett 4 - Hudson Valley 3 |
| TOP OF THE 9TH |
|
Everett AquaSox batting - Pitching for Hudson Valley Renegades : LHP Jamie Houtman
|
|
Now at 1B: Rocky Crowley
|
|
|
Batting: RHB Tomokazu Sugimoto
|
0-0: Ball 1-0: Called Strike 1-1: Foul Ball, location: 2F 1-2: SINGLE (Groundball, 6MD, EV 105.0 MPH) (infield hit)
|
|
Batting: LHB Adam Lancaster
|
0-0: Ball Tomokazu Sugimoto is caught stealing 2nd base 2-6 1-0: Ball 2-0: Foul Ball, location: 2F 2-1: Swinging Strike 2-2: Ball 3-2: Foul Ball, location: 2F 3-2: Foul Ball, location: 2F 3-2: Strikes out swinging
|
|
Pitching: RHP Juan Estrella
|
|
|
Batting: RHB Mike Conaway
|
0-0: Ball 1-0: Called Strike 1-1: Called Strike 1-2: Ball 2-2: Strikes out swinging
|
| Top of the 9th over - 0 runs, 1 hit, 0 errors, 0 left on base; Everett 4 - Hudson Valley 3 |
| BOTTOM OF THE 9TH |
|
Hudson Valley Renegades batting - Pitching for Everett AquaSox : RHP Rob Henry
|
|
Pitching: LHP Mitch Lewis
|
|
|
Now at 1B: Brian Butler
|
|
|
Now at SS: Omar Solis
|
|
|
Batting: RHB Eddie Zamora
|
0-0: Ground out 1-3 (Groundball, 13, EV 73.8 MPH)
|
|
Batting: SHB Josif Popovski
|
0-0: Foul Ball, location: 2F 0-1: Ball 1-1: Ground out 5-3 (Groundball, 56, EV 80.0 MPH)
|
|
Batting: SHB Chris Lockart
|
0-0: Called Strike 0-1: Ground out 4-3 (Groundball, 34, EV 111.9 MPH)
|
| Bottom of the 9th over - 0 runs, 0 hits, 0 errors, 0 left on base; Everett 4 - Hudson Valley 3 |
|